 Dungeon Crawl Stone Soup version 0.17.1-2-g5865329 (webtiles) character file.

198 ImaNewbie the Chopper (level 6, -12/51 HPs)
             Began as a Formicid Fighter on Jan 19, 2016.
             Mangled by an ogre
             ... wielding a +0 giant spiked club
              (25 damage)
             ... on level 4 of the Dungeon.
             The game lasted 00:06:29 (2273 turns).

ImaNewbie the Chopper (Formicid Fighter)            Turns: 2273, Time: 00:06:29

Health: -12/51     AC:  6    Str: 22    XL:     6   Next: 5%
Magic:  6/6        EV:  8    Int:  8    God:
Gold:   170        SH:  9    Dex: 10    Spells: 0 memorised, 5 levels left

rFire  . . .     SeeInvis +     a - +1 war axe
rCold  . . .     Clarity  .     b - +0 scale mail
rNeg   . . .     SustAt   .     c - +0 shield
rPois  .         Gourm    .     (helmet unavailable)
rElec  .         Spirit   .     (no cloak)
rCorr  .         Warding  .     (no gloves)
rMut   .         Stasis   +     (no boots)
MR     .....                    (no amulet)
Stlth  ..........               (no ring)
                                (no ring)

@: not resistant to hostile enchantments, extremely unstealthy
A: permanent stasis, dig shafts and tunnels, four strong arms, antennae 3,
mutation resistance 1, robust 1
a: Dig, Shaft Self


You were on level 4 of the Dungeon.
You were not hungry.

You visited 1 branch of the dungeon, and saw 4 of its levels.

You collected 170 gold pieces.

Inventory:

Hand Weapons
 a - a +1 war axe (weapon)
Armour
 b - a +0 scale mail (worn)
 c - a +0 shield (worn)
Scrolls
 i - a scroll of recharging
 p - 3 scrolls of remove curse
Potions
 d - 3 potions of might
 g - 3 potions of curing
 j - 3 potions of flight
 m - a potion of heal wounds
 s - a potion of brilliance {unknown}
 v - a potion of ambrosia {unknown}
 x - a potion of poison {unknown}
Comestibles
 e - 5 bread rations
 f - 3 slices of pizza
 q - 3 fruits
 t - 4 chunks of flesh
 u - a meat ration
 w - a beef jerky


   Skills:
 - Level 3.2 Fighting
 + Level 5.8 Axes
 - Level 3.2 Armour
 - Level 3.6 Shields


You had 5 spell levels left.
You didn't know any spells.

Dungeon Overview and Level Annotations

Branches:
Dungeon (4/15)
 Temple: D:4-7

Altars:

Annotations:
D:1 scroll
D:2 exclusion: downstairs
D:3 exclusions: downstairs and player ghost, Clownie's ghost, amateur VSAE
D:4 Pikel


Innate Abilities, Weirdness & Mutations

You are under a permanent stasis effect.
You can dig through walls and to a lower floor.
Your four strong arms can wield two-handed weapons with a shield.
You have a pair of large antennae on your head (SInv).
You are somewhat resistant to further mutation.
You are robust (+10% HP).


Message History

You hit the ogre.
The ogre is moderately wounded.
The ogre hits you with a giant spiked club!
* * * LOW HITPOINT WARNING * * *
You hit the ogre.
The ogre is heavily wounded.
You block the ogre's attack.
You slash the ogre!
The ogre is almost dead.
The ogre barely misses you.
Some of the chunks of flesh in your inventory have rotted away.
You barely miss the ogre.
The ogre is almost dead.
You completely miss the ogre.
The ogre is almost dead.
You block the ogre's attack.
You barely miss the ogre.
The ogre is almost dead.
The ogre hits you with a giant spiked club!!
You die...

### ....... ....... #.. ##
..... .........# ##.###. ...#
.........## #..#...###...#.##
..........# #....##......)..#
..........###..###..##.......
...............##)>##........
...........#.#.#)............
............@O..))###........
.......<.......##.# .......
............##..#.# .......
#.........#........ .......
.........##.##.....# .
....#.#.....##.#.###
............#.....
.....##........###. .....
.......


You could see an ogre.

Vanquished Creatures
  An orc priest (D:4)
  An orc wizard (D:4)
  Jessica (D:3)
  Terence (D:3)
  4 adders (D:2)
  2 worms (D:2)
  A giant gecko (D:2)
  3 orcs
  A ball python (D:3)
  2 goblins (D:1)
  6 hobgoblins
  2 jackals (D:2)
  6 kobolds
  6 bats
  2 giant cockroaches
  2 giant newts
  7 rats
48 creatures vanquished.

Notes
Turn   | Place    | Note
--------------------------------------------------------------
     0 | D:1      | ImaNewbie the Formicid Fighter began the quest for the Orb.
     0 | D:1      | Reached XP level 1. HP: 18/18 MP: 1/1
   261 | D:1      | Reached XP level 2. HP: 24/24 MP: 2/2
   763 | D:2      | Reached XP level 3. HP: 27/29 MP: 3/3
  1202 | D:2      | Reached skill level 4 in Axes
  1202 | D:2      | Reached XP level 4. HP: 20/35 MP: 4/4
  1537 | D:3      | Noticed Clownie's ghost (amateur VSAE)
  1751 | D:3      | Found a faded altar to an unknown god.
  1789 | D:3      | Gained mutation: You are robust (+10% HP). [potion of mutation]
  1789 | D:3      | Gained mutation: You are somewhat resistant to further mutation. [potion of mutation]
  1818 | D:3      | Noticed Terence
  1838 | D:3      | Killed Terence
  1838 | D:3      | Reached XP level 5. HP: 37/45 MP: 5/5
  2041 | D:3      | Noticed Jessica
  2045 | D:3      | Killed Jessica
  2045 | D:3      | Reached skill level 5 in Axes
  2061 | D:4      | Noticed Pikel
  2061 | D:4      | Noticed a slave
  2061 | D:4      | Noticed a slave
  2061 | D:4      | Noticed a slave
  2061 | D:4      | Noticed a slave
  2167 | D:4      | Reached XP level 6. HP: 36/51 MP: 6/6
  2273 | D:4      | Mangled by an ogre

Action                   |  1- 3 |  4- 6 || total
-------------------------+-------+-------++-------
Melee: War axe           |    76 |   115 ||   191
  Use: Scroll            |       |    11 ||    11
       Potion            |       |     2 ||     2
  Eat: Chunk             |     1 |     4 ||     5
